 Dungeon Crawl Stone Soup version 0.28.0-43-g3370ac3207 (webtiles) character file.

Game seed: 16055461574466720485

9650 Peloso the Carver (level 11, -6/99 HPs)
             Began as a Minotaur Fighter on Mar 27, 2022.
             Was an Elder of Okawaru.
             Mangled by a thrashing horror (12 damage)
             ... on level 2 of the Abyss.
             The game lasted 00:22:48 (12338 turns).

Peloso the Carver (Minotaur Fighter)               Turns: 12338, Time: 00:22:49

Health: -6/99      AC: 21    Str: 23    XL:     11   Next: 25%
Magic:  8/10       EV: 10    Int:  5    God:    Okawaru [****..]
Gold:   297        SH: 12    Dex: 12    Spells: 10/10 levels left

rFire   . . .      SeeInvis .   a - +4 scimitar (flame)
rCold   . . .      Faith    .   c - +0 kite shield
rNeg    + . .      Spirit   .   y - +4 chain mail
rPois   .          Reflect  .   (helmet restricted)
rElec   .          Harm     .   m - +0 cloak
rCorr   .          Rampage  .   (no gloves)
Will    .....                   v - +0 pair of boots
Stlth   ..........              (no amulet)
HPRegen 0.26/turn               q - ring of positive energy
MPRegen 0.12/turn               (no ring)

@: weak-willed, heroic, studying Throwing
A: horns 2, retaliatory headbutt
a: Renounce Religion, Heroism, Finesse


You were on level 2 of the Abyss.
You worshipped Okawaru.
Okawaru was greatly pleased with you.
You visited 2 branches of the dungeon, and saw 11 of its levels.
You visited the Abyss 1 time.

You collected 497 gold pieces.
You spent 200 gold pieces at shops.

Inventory:

Hand Weapons
 a - a +4 scimitar of flaming (weapon)
 b - a +3 long sword
 u - a +0 demon blade of electrocution
Armour
 c - a +0 kite shield (worn)
 m - a +0 cloak (worn)
 v - a +0 pair of boots (worn)
 y - a +4 chain mail (worn)
Jewellery
 q - a ring of positive energy (left hand)
Wands
 j - a wand of mindburst (6)
 k - a wand of flame (52)
 p - a wand of acid (7)
Scrolls
 f - 2 scrolls of identify
 g - 2 scrolls of fear
 i - 6 scrolls of enchant armour
 l - a scroll of immolation
 o - a scroll of fog
 x - a scroll of holy word {unknown}
 C - a scroll of magic mapping
 D - a scroll of noise
Potions
 d - a potion of might
 e - 2 potions of flight
 h - 2 potions of mutation
 n - a potion of brilliance
 r - a potion of cancellation {unknown}
 s - a potion of curing
 t - 2 potions of ambrosia {unknown}
 z - a potion of berserk rage {unknown}
 B - 2 potions of resistance {unknown}
 F - a potion of invisibility {unknown}


   Skills:
 + Level 10.1(15.1) Fighting
 + Level 12.6(17.6) Long Blades
 + Level 12.1(17.1) Armour
 + Level 2.0(7.0) Dodging
 + Level 0.6(5.6) Stealth
 + Level 8.7(13.7) Shields
 + Level 1.2 Invocations


You had 10 spell levels left.
You didn't know any spells.
Your spell library contained the following spells:

 Spells                   Type           Power      Damage    Failure   Level
 Shock                    Conj/Air       0%         1d3       99%         1
 Corpse Rot               Necr/Air       0%         N/A       99%         2
 Poisonous Vapours        Pois/Air       0%         N/A       99%         2
 Wereblood                Tmut           0%         N/A       99%         2
 Swiftness                Air            0%         N/A       100%        3
 Airstrike                Air            0%         N/A       100%        4
 Leda's Liquefaction      Hex/Erth       0%         N/A       100%        4
 Fireball                 Conj/Fire      0%         3d3       100%        5
 Iskenderun's Battlesphe  Conj           0%         2d6       100%        5
 Conjure Ball Lightning   Conj/Air       0%         3x3d6     100%        6
 Orb of Destruction       Conj           0%         9d5       100%        7


Dungeon Overview and Level Annotations

Branches:
Dungeon (10/15)            Temple (1/1) D:5            Lair (0/6) D:9
    Orc (0/2) D:9

Altars:
Ashenzari
Cheibriados
Dithmenos
Elyvilon
Fedhas
Gozag
Hepliaklqana
Kikubaaqudgha
Makhleb
Nemelex Xobeh
Okawaru
Qazlal
Ru
Sif Muna
Trog
Uskayaw
Vehumet
Wu Jian
Xom
Yredelemnul
Zin
The Shining One
Beogh

Shops:
D:6 (   D:10 !?(

Annotations:
D:9 4 runed translucent doors


Innate Abilities, Weirdness & Mutations

You have a pair of horns on your head.
You reflexively headbutt those who attack you in melee.


Message History

Unknown command.
You can't see any enemies this would affect, really read the scroll of fear?
Okay, then.
Unknown command.
Okay, then.
You gain the combat prowess of a mighty hero.
The thrashing horror roars!
The thrashing horror tramples you but does no damage.
The thrashing horror barely misses you. The thrashing horror tramples you.
* * * LOW HITPOINT WARNING * * *
You hold your ground!
The thrashing horror completely misses you.
You can't go up here!
You slash the thrashing horror! You burn the thrashing horror.
You headbutt the thrashing horror!
The thrashing horror is almost destroyed.
The thrashing horror tramples you.
* * * LOW HITPOINT WARNING * * *
You hold your ground!
You block the thrashing horror's attack.
The thrashing horror closely misses you.
You furiously retaliate!
You headbutt the thrashing horror, but do no damage.
The thrashing horror closely misses you.
You barely miss the thrashing horror.
The thrashing horror is lightly damaged.
The thrashing horror tramples you but does no damage.
The thrashing horror completely misses you.
The thrashing horror churns violently!
The thrashing horror seems to grow stronger.
The thrashing horror barely misses you.
You block the thrashing horror's attack.
You closely miss the thrashing horror. You headbutt the thrashing horror!
The thrashing horror is moderately damaged.
You block the thrashing horror's attack. x2
Unknown command.
You closely miss the thrashing horror.
The thrashing horror is moderately damaged.
The thrashing horror tramples you!
You die...

#. .. . . #..## . X .#
##### ## X #.
####.X@#.##.. ..#.
###..##..X..#.
.#.#.....####.....
#...........##..#.....
. #
######..X...#.##.... .
#..##......# . . . ##.
..##. ..#.. .# #...
#...##... . ###.. .#.
. . ...


You could see 2 thrashing horrors.

Vanquished Creatures
  Erica (D:8)
  2 two-headed ogres
  A thrashing horror (Abyss:2)
  A wizard (D:10)
  A deep elf pyromancer (D:10)
  A cyclops (D:10)
  Maurice (D:7)
  A troll (D:10)
  Grinder (D:5)
  A raiju (Abyss:2)
  Sigmund (D:3)
  A flying skull (Abyss:2)
  A wraith (Abyss:2)
  6 yaks (D:10)
  A shadow (D:9)
  A steam dragon (D:9)
  2 wargs (D:9)
  An acid dragon (D:9)
  A water moccasin (D:8)
  9 orc warriors
  2 ice beasts
  2 large abominations (Abyss:2)
  A black bear (D:4)
  2 necrophages
  2 ogres
  A centaur (D:9)
  4 small abominations (Abyss:2)
  2 kobold brigands
  A gnoll sergeant (D:9)
  3 bullfrogs
  A water moccasin zombie (D:5)
  2 scorpions (D:3)
  A water moccasin skeleton (D:3)
  A wyvern skeleton (D:7)
  A killer bee (D:3)
  11 wights
  A centaur zombie (D:5)
  A bullfrog zombie (D:5)
  4 jellies
  2 hounds
  9 orc priests
  A bullfrog skeleton (D:5)
  A gnoll shaman (D:7)
  A centaur skeleton (D:7)
  Jessica (D:2)
  5 iguanas
  13 orc wizards
  A killer bee zombie (D:9)
  13 gnolls
  4 adders
  2 white imps (D:7)
  2 ufetubi (D:4)
  An adder skeleton (D:4)
  2 worms
  4 dart slugs
  45 orcs
  4 bats
  12 endoplasms
  5 giant cockroaches
  8 goblins
  7 hobgoblins
  4 jackals (D:1)
  3 quokkas
  9 ball pythons
  2 frilled lizards
  19 kobolds
  5 rats
263 creatures vanquished.

Vanquished Creatures (others)
  An orc (D:5)
  4 fungi (D:2)
  5 toadstools (D:2)
10 creatures vanquished.

Grand Total: 273 creatures vanquished

Notes
Turn   | Place    | Note
-------+----------+-------------------------------------------
     0 | D:1      | Peloso the Minotaur Fighter began the quest for the Orb.
     0 | D:1      | Reached XP level 1. HP: 19/19 MP: 0/0
   126 | D:1      | Reached XP level 2. HP: 26/27 MP: 1/1
   828 | D:2      | Noticed an ogre
   846 | D:2      | Noticed Jessica
   867 | D:2      | Reached XP level 3. HP: 32/33 MP: 2/2
   869 | D:2      | Killed Jessica
   880 | D:2      | Found a faded altar of an unknown god.
  1020 | D:3      | Reached XP level 4. HP: 16/41 MP: 3/3
  1481 | D:3      | Reached XP level 5. HP: 45/47 MP: 4/4
  1506 | D:3      | Noticed Sigmund
  1526 | D:3      | Killed Sigmund
  1527 | D:3      | Reached skill level 5 in Long Blades
  1527 | D:3      | Reached skill level 5 in Armour
  1527 | D:3      | Reached skill level 1 in Dodging
  1527 | D:3      | Reached XP level 6. HP: 40/53 MP: 5/5
  2192 | D:3      | Reached skill level 5 in Fighting
  2354 | D:4      | Reached XP level 7. HP: 61/61 MP: 6/6
  2369 | D:4      | Reached skill level 5 in Shields
  3177 | D:5      | Entered Level 5 of the Dungeon
  3177 | D:5      | Noticed Grinder
  3191 | D:5      | Killed Grinder
  3192 | D:5      | Reached XP level 8. HP: 59/70 MP: 7/7
  3248 | D:5      | Found a staircase to the Ecumenical Temple.
  3257 | Temple   | Entered the Ecumenical Temple
  3277 | Temple   | Became a worshipper of Warmaster Okawaru
  4932 | D:6      | Reached * piety under Okawaru
  5456 | D:6      | Found Seguh's Antique Weapon Boutique.
  5897 | D:7      | Reached XP level 9. HP: 71/75 MP: 8/8
  7263 | D:2      | Identified the +5 war axe of Koakh {vamp, rF- rC++ MP+9
                  | Dex+3}
  7432 | D:8      | Noticed Maurice
  7997 | D:7      | Killed Maurice
  7997 | D:7      | Reached ** piety under Okawaru
  7998 | D:7      | Reached skill level 10 in Long Blades
  8584 | D:8      | Noticed Erica
  8606 | D:8      | Killed Erica
  8607 | D:8      | Reached skill level 10 in Armour
  8607 | D:8      | Reached XP level 10. HP: 35/90 MP: 6/9
  8978 | D:8      | Reached *** piety under Okawaru
  9312 | D:9      | Noticed a two-headed ogre
  9322 | D:8      | Killed a two-headed ogre
  9406 | D:9      | Found a staircase to the Orcish Mines.
  9429 | D:9      | Found a runed translucent door.
  9853 | D:9      | Found a runed translucent door.
  9870 | D:9      | Found a runed translucent door.
  9885 | D:9      | Found a runed translucent door.
  9902 | D:9      | Found a staircase to the Lair.
 10547 | D:9      | Found a blossoming altar of Fedhas.
 10548 | D:9      | Found a shadowy altar of Dithmenos.
 10553 | D:9      | Noticed a two-headed ogre
 10560 | D:9      | Killed a two-headed ogre
 10560 | D:9      | Reached **** piety under Okawaru
 10561 | D:9      | Reached skill level 1 in Invocations
 11077 | D:9      | Found a bloodstained altar of Trog.
 11077 | D:9      | Found a sparkling altar of Nemelex Xobeh.
 11085 | D:9      | Found a sacrificial altar of Ru.
 11088 | D:9      | Found a white marble altar of Elyvilon.
 11172 | D:10     | Entered Level 10 of the Dungeon
 11459 | D:10     | Found Lashusse's Distillery.
 11459 | D:10     | Noticed a cyclops
 11471 | D:10     | Killed a cyclops
 11472 | D:10     | Reached XP level 11. HP: 99/99 MP: 7/10
 11500 | D:10     | Bought a potion of curing for 42 gold pieces
 11500 | D:10     | Bought a potion of degeneration for 14 gold pieces
 11609 | D:10     | Found Orouhuor's Magic Scroll Shop.
 11621 | D:10     | Bought a scroll of magic mapping for 42 gold pieces
 11621 | D:10     | Bought a scroll of noise for 12 gold pieces
 11621 | D:10     | Bought a scroll of blinking for 90 gold pieces
 11676 | D:10     | Found Eclina's Weapon Boutique.
 11729 | D:10     | Reached ***** piety under Okawaru
 11743 | D:10     | Noticed a wizard
 11747 | D:10     | Killed a wizard
 11748 | D:10     | Reached skill level 10 in Fighting
 11767 | D:10     | Noticed a deep elf pyromancer
 11782 | D:10     | Killed a deep elf pyromancer
 12042 | D:10     | Got Xiugyusunitu's Grimoire of Dhcmrlchtdj
 12052 | D:10     | Noticed a wizard
 12053 | D:10     | Cast into level 2 of the Abyss (a wizard)
 12088 | Abyss:2  | Noticed a wretched star
 12118 | Abyss:2  | Noticed a thrashing horror
 12143 | Abyss:2  | Killed a thrashing horror
 12156 | Abyss:2  | Noticed a sixfirhy
 12238 | Abyss:2  | Noticed a daeva
 12315 | Abyss:2  | Noticed a thrashing horror
 12316 | Abyss:2  | Noticed a thrashing horror
 12320 | Abyss:2  | Identified a scroll of acquirement
 12320 | Abyss:2  | Acquired a +0 demon blade of electrocution
 12338 | Abyss:2  | Mangled by a thrashing horror

Illustrated notes

Levels and vault maps discovered:
D:1:      dpeg_arrival_prison, layout_rooms
D:2:      cheibrodos_fertilizer, layout_basic,
          ebering_ecumenical_altar_abandoned, kennysheep_generic_room_11,
          uniq_jessica
D:3:      layout_basic, chequers_mini_garden, minmay_increasing_density,
          uniq_sigmund
D:4:      layout_basic, minmay_misc_feat_four_crosses,
          wad_floor_pattern_untrapped, minmay_manual_mail
D:5:      layout_loops_cross, minmay_temple_entry_stoned_glass, uniq_grinder
D:6:      layout_loops_ring, serial_shops, shop, dk_vineyard_3,
          hangedman_decor_lopped
D:7:      layout_basic, minmay_fractal_squares_gapless_5
D:8:      layout_basic, serial_bayou_pond_d, uniq_maurice, uniq_erica
D:9:      layout_basic, nicolae_overflow_hallway_of_the_gods,
          erik_lair_orcish_takeover, minmay_orc_entry_temple_small,
          minmay_statue_crystal_thing
D:10:     cheibrodos_statue_roulette, layout_rooms, serial_shops,
          shop_fountains, nicolae_shop_bloodbath_and_beyond,
          nicolae_shop_hallway_plus, bh_hangedman_babel_library
Temple:   lightli_temple_of_artemis
Abyss:2:  base: D:7, minivault_25

Skill      XL: |  1  2  3  4  5  6  7  8  9 10 11 |
---------------+----------------------------------+-----
Armour         | 4 5 6 7 10 11 12 | 12.1
Fighting       | 4 5 6 7 8 9 10 | 10.1
Shields        | 4 5 6 8 |  8.7
Long Blades    | 4 5 7 9 10 12 | 12.6
Dodging        | 1 2 |  2.0
Invocations    | 1 |  1.2
Stealth        | |  0.6

Action                   |  1- 3 |  4- 6 |  7- 9 | 10-12 || total
-------------------------+-------+-------+-------+-------++-------
Melee: Long sword        |    59 |    74 |   116 |       ||   249
       Headbutt          |     5 |    12 |    66 |    56 ||   139
       Falchion          |       |       |   277 |       ||   277
       Scimitar          |       |       |       |   273 ||   273
Invok: Heroism           |       |       |     6 |    15 ||    21
  Use: Scroll            |       |       |    11 |     4 ||    15
       Potion            |       |       |     1 |     5 ||     6
Armor: Scale mail        |    33 |    38 |    15 |       ||    86
       Chain mail        |       |       |    41 |    87 ||   128
       Plate armour      |       |       |   150 |    64 ||   214
Dodge: Dodged            |    35 |    44 |   104 |    76 ||   259
Block: Buckler           |    10 |    24 |    77 |     1 ||   112
       Kite shield       |       |       |       |   194 ||   194
